TOP OF THE 1ST |
Grand Forks Caterpillars batting - Pitching for Belleville Bulls : RHP Hirotsugu Kobayashi
|
Pitching: RHP Hirotsugu Kobayashi
|
|
Batting: RHB Glenn Randall
|
0-0: Ball 1-0: Ground out U3 (Groundball, 34S)
|
Batting: RHB Hirotada Rin
|
0-0: Fly out, F4 (Popup, 4)
|
Batting: LHB Félix Castellanos
|
0-0: Fly out, F9 (Flyball, 9D)
|
Top of the 1st over - 0 runs, 0 hits, 0 errors, 0 left on base; Grand Forks 0 - Belleville 0 |
BOTTOM OF THE 1ST |
Belleville Bulls batting - Pitching for Grand Forks Caterpillars : RHP Kenny Beck
|
Pitching: RHP Kenny Beck
|
|
Batting: SHB Júlio Moreno
|
0-0: Swinging Strike 0-1: Ball 1-1: Foul Ball, location: 2F 1-2: Ball 2-2: Ball 3-2: Strikes out looking
|
Batting: RHB Glenn Curtis
|
0-0: Ball 1-0: Ball 2-0: Ball 3-0: Base on Balls
|
Batting: RHB Holden Ford
|
0-0: Called Strike 0-1: Ball Glenn Curtis steals 2nd base 1-1: Ball 2-1: Foul Ball, location: 2F 2-2: Strikes out looking
|
Batting: RHB Rey McSriff
|
0-0: Swinging Strike 0-1: Ball 1-1: Foul Ball, location: 2F 1-2: Ball 2-2: Ball 3-2: Foul Ball, location: 2F 3-2: Ground out U3 (Groundball, 2R)
|
Bottom of the 1st over - 0 runs, 0 hits, 0 errors, 1 left on base; Grand Forks 0 - Belleville 0 |
TOP OF THE 2ND |
Grand Forks Caterpillars batting - Pitching for Belleville Bulls : RHP Hirotsugu Kobayashi
|
Batting: LHB Jeremy Malzahn
|
0-0: Ball 1-0: Fly out, F7 (Flyball, 7D)
|
Batting: RHB Xiong Phan
|
0-0: Hit by Pitch
|
Batting: SHB Temaki Yuka
|
0-0: Fly out, F3 (Popup, 23)
|
Batting: RHB Elwiin Stuy
|
0-0: Foul Ball, location: 2F 0-1: Swinging Strike 0-2: Ball 1-2: Fielders Choice at 2nd, 6-4 (Groundball, 6)
|
Top of the 2nd over - 0 runs, 0 hits, 0 errors, 1 left on base; Grand Forks 0 - Belleville 0 |
BOTTOM OF THE 2ND |
Belleville Bulls batting - Pitching for Grand Forks Caterpillars : RHP Kenny Beck
|
Batting: LHB Juan Rodríguez
|
0-0: Ball 1-0: Ball 2-0: Fly out, F7 (Flyball, 7D)
|
Batting: RHB Kazunari Mizuno
|
0-0: Foul Ball, location: 2F 0-1: Called Strike 0-2: Strikes out looking
|
Batting: RHB Cary Collins
|
0-0: Ball 1-0: Called Strike 1-1: Ball 2-1: Called Strike 2-2: Reached on error, E5 (Groundball, 56)
|
Batting: RHB Aron Cruickshank
|
0-0: Ball 1-0: Called Strike 1-1: Called Strike 1-2: Strikes out swinging, 2-3 out at first.
|
Bottom of the 2nd over - 0 runs, 0 hits, 1 error, 1 left on base; Grand Forks 0 - Belleville 0 |
TOP OF THE 3RD |
Grand Forks Caterpillars batting - Pitching for Belleville Bulls : RHP Hirotsugu Kobayashi
|
Batting: RHB Andrew Bryant
|
0-0: Ball 1-0: Ball 2-0: Ball 3-0: Base on Balls
|
Batting: RHB Chaim Werkman
|
0-0: Ball Andrew Bryant is caught stealing 2nd base 1-0: Foul Ball, location: 2F 1-1: Ball 2-1: Called Strike 2-2: Strikes out swinging
|
Batting: RHB Glenn Randall
|
0-0: Ball 1-0: Foul Ball, location: 2F 1-1: Ball 2-1: Called Strike 2-2: Foul Ball, location: 2F 2-2: Ball 3-2: Fly out, F2 (Popup, 2L)
|
Top of the 3rd over - 0 runs, 0 hits, 0 errors, 0 left on base; Grand Forks 0 - Belleville 0 |
BOTTOM OF THE 3RD |
Belleville Bulls batting - Pitching for Grand Forks Caterpillars : RHP Kenny Beck
|
Batting: RHB Gary Goodwin
|
0-0: Called Strike 0-1: Swinging Strike 0-2: Strikes out looking
|
Batting: SHB Júlio Moreno
|
0-0: Fly out, F4 (Popup, 4M)
|
Batting: RHB Glenn Curtis
|
0-0: Ball 1-0: Called Strike 1-1: SINGLE (Groundball, 56S) (infield hit)
|
Batting: RHB Holden Ford
|
0-0: Called Strike 0-1: Ball 1-1: Hit by Pitch Glenn Curtis to second
|
Batting: RHB Rey McSriff
|
0-0: Called Strike 0-1: Ball 1-1: Fly out, F7 (Flyball, 7LMF)
|
Bottom of the 3rd over - 0 runs, 1 hit, 0 errors, 2 left on base; Grand Forks 0 - Belleville 0 |
TOP OF THE 4TH |
Grand Forks Caterpillars batting - Pitching for Belleville Bulls : RHP Hirotsugu Kobayashi
|
Batting: RHB Hirotada Rin
|
0-0: Foul Ball, location: 2F 0-1: Ball 1-1: Foul Ball, location: 2F 1-2: Ball 2-2: Strikes out looking
|
Batting: RHB Gabriel Torres
|
0-0: Ball 1-0: Ball 2-0: Ball 3-0: Called Strike 3-1: Ground out 1-3 (Groundball, 13S)
|
Batting: LHB Jeremy Malzahn
|
0-0: Called Strike 0-1: Ball 1-1: Ball 2-1: Ground out 4-3 (Groundball, 4)
|
Top of the 4th over - 0 runs, 0 hits, 0 errors, 0 left on base; Grand Forks 0 - Belleville 0 |
BOTTOM OF THE 4TH |
Belleville Bulls batting - Pitching for Grand Forks Caterpillars : RHP Kenny Beck
|
Now in LF: Gabriel Torres
|
|
Batting: LHB Juan Rodríguez
|
0-0: Ball 1-0: SINGLE (Flyball, 7S)
|
Batting: RHB Kazunari Mizuno
|
0-0: Ball 1-0: Ball Wild Pitch! Juan Rodríguez to second 2-0: Ball 3-0: Called Strike 3-1: Foul Ball, location: 2F 3-2: Base on Balls
|
Batting: RHB Cary Collins
|
0-0: Called Strike 0-1: SINGLE (Line Drive, 4) Juan Rodríguez to third Kazunari Mizuno to second
|
Batting: RHB Aron Cruickshank
|
0-0: Fly out, F8 (Flyball, 8LS) Runner from 3rd tags up, SCORES, throw made
|
Batting: RHB Gary Goodwin
|
0-0: Called Strike 0-1: Grounds into double play, 4-6-3 (Groundball, 4)
|
Bottom of the 4th over - 1 run, 2 hits, 0 errors, 1 left on base; Grand Forks 0 - Belleville 1 |
TOP OF THE 5TH |
Grand Forks Caterpillars batting - Pitching for Belleville Bulls : RHP Hirotsugu Kobayashi
|
Batting: RHB Xiong Phan
|
0-0: Foul Ball, location: 2F 0-1: Swinging Strike 0-2: Ball 1-2: Ball 2-2: Strikes out swinging
|
Batting: SHB Temaki Yuka
|
0-0: Ball 1-0: Called Strike 1-1: Foul Ball, location: 2F 1-2: Fly out, F8 (Flyball, 8RS)
|
Batting: RHB Elwiin Stuy
|
0-0: Swinging Strike 0-1: Foul Ball, location: 2F 0-2: Foul Ball, location: 2F 0-2: Strikes out swinging
|
Top of the 5th over - 0 runs, 0 hits, 0 errors, 0 left on base; Grand Forks 0 - Belleville 1 |
BOTTOM OF THE 5TH |
Belleville Bulls batting - Pitching for Grand Forks Caterpillars : RHP Kenny Beck
|
Batting: SHB Júlio Moreno
|
0-0: Swinging Strike 0-1: Fly out, F8 (Line Drive, 8LM)
|
Batting: RHB Glenn Curtis
|
0-0: Swinging Strike 0-1: Ball 1-1: Ball 2-1: Foul Ball, location: 2F 2-2: Strikes out swinging
|
Batting: RHB Holden Ford
|
0-0: Swinging Strike 0-1: Foul Ball, location: 2F 0-2: Foul Ball, location: 2F 0-2: Ball 1-2: Foul Ball, location: 2F 1-2: Foul Ball, location: 2F 1-2: Fly out, F9 (Flyball, 9)
|
Bottom of the 5th over - 0 runs, 0 hits, 0 errors, 0 left on base; Grand Forks 0 - Belleville 1 |
TOP OF THE 6TH |
Grand Forks Caterpillars batting - Pitching for Belleville Bulls : RHP Hirotsugu Kobayashi
|
Batting: RHB Andrew Bryant
|
0-0: Ball 1-0: Foul Ball, location: 2F 1-1: Foul Ball, location: 2F 1-2: Fly out, F5 (Line Drive, 5S)
|
Batting: RHB Chaim Werkman
|
0-0: Ball 1-0: Foul Ball, location: 2F 1-1: Swinging Strike 1-2: Ball 2-2: Foul Ball, location: 2F 2-2: Ball 3-2: Base on Balls
|
Batting: RHB Glenn Randall
|
0-0: Ball 1-0: Swinging Strike 1-1: Ball 2-1: Foul Ball, location: 2F 2-2: Ground out 5-3 (Groundball, 56) Chaim Werkman to second
|
Batting: RHB Hirotada Rin
|
0-0: Ball Wild Pitch! Chaim Werkman to third 1-0: Ground out 1-3 (Groundball, 13)
|
Top of the 6th over - 0 runs, 0 hits, 0 errors, 1 left on base; Grand Forks 0 - Belleville 1 |
BOTTOM OF THE 6TH |
Belleville Bulls batting - Pitching for Grand Forks Caterpillars : RHP Kenny Beck
|
Batting: RHB Rey McSriff
|
0-0: Called Strike 0-1: Ball 1-1: Foul Ball, location: 2F 1-2: Ball 2-2: Ball 3-2: Ground out 5-3 (Groundball, 5)
|
Pitching: RHP John Coffield
|
|
Batting: LHB Juan Rodríguez
|
0-0: Foul Ball, location: 2F 0-1: Ball 1-1: Foul Ball, location: 2F 1-2: Ball 2-2: Ground out 4-3 (Groundball, 4)
|
Batting: RHB Kazunari Mizuno
|
0-0: Called Strike 0-1: Fly out, F7 (Flyball, 7D)
|
Bottom of the 6th over - 0 runs, 0 hits, 0 errors, 0 left on base; Grand Forks 0 - Belleville 1 |
TOP OF THE 7TH |
Grand Forks Caterpillars batting - Pitching for Belleville Bulls : RHP Hirotsugu Kobayashi
|
Batting: RHB Gabriel Torres
|
0-0: Ball 1-0: Called Strike 1-1: Called Strike 1-2: Ball 2-2: Strikes out swinging
|
Batting: LHB Jeremy Malzahn
|
0-0: Ball 1-0: Called Strike 1-1: Ball 2-1: Ball 3-1: Ground out U3 (Groundball, 3)
|
Batting: RHB Xiong Phan
|
0-0: Swinging Strike 0-1: Ball 1-1: Ground out 6-3 (Groundball, 6)
|
Top of the 7th over - 0 runs, 0 hits, 0 errors, 0 left on base; Grand Forks 0 - Belleville 1 |
BOTTOM OF THE 7TH |
Belleville Bulls batting - Pitching for Grand Forks Caterpillars : RHP John Coffield
|
Batting: RHB Cary Collins
|
0-0: Ball 1-0: SINGLE (Groundball, 56D)
|
Batting: RHB Aron Cruickshank
|
0-0: Sac Bunt - play at first, batter OUT! 1-4 Cary Collins to second
|
Batting: RHB Gary Goodwin
|
0-0: Ball 1-0: Ball 2-0: Swinging Strike 2-1: Foul Ball, location: 2F 2-2: Strikes out looking
|
Batting: SHB Júlio Moreno
|
0-0: Ball 1-0: Ground out 6-3 (Groundball, 6)
|
Bottom of the 7th over - 0 runs, 1 hit, 0 errors, 1 left on base; Grand Forks 0 - Belleville 1 |
TOP OF THE 8TH |
Grand Forks Caterpillars batting - Pitching for Belleville Bulls : RHP Hirotsugu Kobayashi
|
Batting: SHB Temaki Yuka
|
0-0: Ball 1-0: Ball 2-0: Called Strike 2-1: Foul Ball, location: 2F 2-2: Strikes out swinging
|
Batting: RHB Elwiin Stuy
|
0-0: Ball 1-0: Foul Ball, location: 2F 1-1: Ball 2-1: Ball 3-1: Ground out 6-3 (Groundball, 6D)
|
Batting: RHB Andrew Bryant
|
0-0: Called Strike 0-1: Called Strike 0-2: Ball 1-2: Fly out, F6 (Line Drive, 56)
|
Top of the 8th over - 0 runs, 0 hits, 0 errors, 0 left on base; Grand Forks 0 - Belleville 1 |
BOTTOM OF THE 8TH |
Belleville Bulls batting - Pitching for Grand Forks Caterpillars : RHP John Coffield
|
Batting: RHB Glenn Curtis
|
0-0: Ball 1-0: Ball 2-0: Ball 3-0: Called Strike 3-1: Foul Ball, location: 2F 3-2: Base on Balls
|
Batting: RHB Holden Ford
|
0-0: Ball 1-0: Foul Ball, location: 2F 1-1: Ball 2-1: Ball 3-1: Fly out, F7 (Flyball, 7)
|
Batting: RHB Rey McSriff
|
0-0: Ball 1-0: 2-RUN HOME RUN (Flyball, 7D), Distance : 387 ft
|
Batting: LHB Juan Rodríguez
|
0-0: Ball 1-0: Ball 2-0: Called Strike 2-1: Ground out 4-3 (Groundball, 4)
|
Batting: RHB Kazunari Mizuno
|
0-0: Called Strike 0-1: Called Strike 0-2: Foul Ball, location: 2F 0-2: Foul Ball, location: 2F 0-2: Ball 1-2: Strikes out swinging
|
Bottom of the 8th over - 2 runs, 1 hit, 0 errors, 0 left on base; Grand Forks 0 - Belleville 3 |
TOP OF THE 9TH |
Grand Forks Caterpillars batting - Pitching for Belleville Bulls : RHP Hirotsugu Kobayashi
|
Batting: RHB Chaim Werkman
|
0-0: SINGLE (Flyball, 78S)
|
Pitching: LHP Gerald Emerson
|
|
Batting: RHB Glenn Randall
|
0-0: Called Strike 0-1: Ball 1-1: Swinging Strike 1-2: Strikes out looking
|
Batting: RHB Hirotada Rin
|
0-0: Ball 1-0: Foul Ball, location: 2F 1-1: Foul Ball, location: 2F 1-2: Ball 2-2: Foul Ball, location: 2F 2-2: Fielders Choice at 2nd, 3-6 (Groundball, 34)
|
Batting: RHB Gabriel Torres
|
0-0: Called Strike 0-1: Ball 1-1: Foul Ball, location: 2F 1-2: Ball 2-2: Fly out, F7 (Flyball, 7)
|
Top of the 9th over - 0 runs, 1 hit, 0 errors, 1 left on base; Grand Forks 0 - Belleville 3 |
|